 Dungeon Crawl Stone Soup version 0.26-a0-466-g989023bd0d (webtiles) character file.

Game seed: 11588483818852015673

465824 ReteAZ the Peltast (level 24, -46/163 HPs)
             Began as an Octopode Venom Mage on July 28, 2020.
             Was the Champion of Vehumet.
             Killed from afar by a shadow dragon (54 damage)
             ... with a bolt of negative energy
             ... on level 5 of the Vaults on July 30, 2020.
             The game lasted 04:16:42 (93744 turns).

ReteAZ the Peltast (Octopode Venom Mage)           Turns: 93744, Time: 04:16:43

Health: -46/163    AC:  7    Str: 14    XL:     24   Next: 57%
Magic:  40/55      EV: 22    Int: 31    God:    Vehumet [******]
Gold:   5686       SH: 19    Dex: 12    Spells: 7/43 levels left

rFire    + . .     SeeInvis +   s - +9 hunting sling of the Mind {speed, rC+ MP+9 Str+4 Dex-3 SInv}
rCold    + + +     Faith    .   v - +2 kite shield
rNeg     . . .     Spirit   .   E - +2 hat
rPois    .         Reflect  +   q - amulet of reflection
rElec    .         Harm     .   k - ring of magical power
rCorr    +                      l - ring of protection from fire
MR       ++...                  y - +4 ring of protection
Stlth    ++........             K - ring "Boruyzun" {rC++ rCorr}
HPRegen  0.37/turn              G - +6 ring of intelligence
MPRegen  0.34/turn              I - +4 ring of evasion
                                p - ring of wizardry
                                e - ring of protection from magic

@: very slightly contaminated, very heavily drained
A: almost no armour, stealthy swim, amphibious, 8 rings, constrict 8, beak,
camouflage 1, clever 1, gelatinous body 1
}: 2/15 runes: decaying, serpentine
a: Renounce Religion


You were on level 5 of the Vaults.
You worshipped Vehumet.
Vehumet was exalted by your worship.
You visited 9 branches of the dungeon, and saw 45 of its levels.
You visited the Abyss 1 time.
You also visited: Sewer and Ice Cave.

You collected 7803 gold pieces.
You spent 2117 gold pieces at shops.

Inventory:

Hand Weapons
 f - the cursed +0 whip "Zixovv Yheb" {vorpal, rElec Dex+2}
   (You found it on level 9 of the Dungeon)

   It inflicts extra damage upon your enemies.
   It affects your dexterity (+2).
   It insulates you from electricity.
   It has a curse placed upon it.
 s - the +9 hunting sling of the Mind (weapon) {speed, rC+ MP+9 Str+4 Dex-3 SInv}
   (You bought it in a shop on level 14 of the Dungeon)

   Attacks with this weapon are significantly faster.
   It affects your strength (+4).
   It affects your dexterity (-3).
   It protects you from cold.
   It affects your magic capacity (+9).
   It lets you see invisible.
Missiles
 Q - 23 curare-tipped darts (quivered)
Armour
 v - a +2 kite shield (worn)
 E - a +2 hat (worn)
Magical Staves
 A - an uncursed staff of poison
 S - an uncursed staff of wizardry
Jewellery
 e - a ring of protection from magic (on tentacle)
 k - a ring of magical power (left tentacle)
 l - a ring of protection from fire (right tentacle)
 m - an uncursed ring of poison resistance
 p - a ring of wizardry (on tentacle)
 q - an amulet of reflection (around mantle)
 y - a +4 ring of protection (on tentacle)
 G - a +6 ring of intelligence (on tentacle)
 I - a +4 ring of evasion (on tentacle)
 J - an uncursed amulet of the acrobat
 K - the ring "Boruyzun" (on tentacle) {rC++ rCorr}
   (You found it on level 10 of the Dungeon)

   [ring of resist corrosion]

   It greatly protects you from cold.
   It provides partial protection from all sources of acid and corrosion.
Wands
 h - a wand of flame (62)
 j - a wand of enslavement (26)
 o - a wand of disintegration (29)
 u - a wand of digging (9)
 H - a wand of clouds (13)
 O - a wand of iceblast (44)
 W - a wand of acid (2)
 X - a wand of polymorph (8)
 Y - a wand of paralysis (19)
Scrolls
 a - 3 scrolls of blinking
 b - 14 scrolls of teleportation
 c - 13 scrolls of remove curse
 d - 3 scrolls of fear
 n - 2 scrolls of fog
 t - 6 scrolls of amnesia
 x - a scroll of summoning
 z - 12 scrolls of identify
 C - 5 scrolls of silence
 D - 11 scrolls of magic mapping
Potions
 g - 5 potions of magic
 i - 4 potions of cancellation
 r - 9 potions of flight
 w - 7 potions of lignification
 B - a potion of resistance
 L - 4 potions of stabbing
 M - 11 potions of curing
 N - a potion of heal wounds
 P - 4 potions of mutation
 T - a potion of invisibility
 U - 12 potions of ambrosia
 Z - 3 potions of brilliance


   Skills:
 - Level 13.0(8.0) Fighting
 - Level 15.0(9.7) Dodging
 - Level 2.6(0.0) Stealth
 + Level 19.5(13.7) Shields
 - Level 10.0(5.3) Spellcasting
 - Level 18.0(12.4) Conjurations
 - Level 10.0(5.3) Summonings
 - Level 3.0(0.0) Transmutations
 + Level 15.5(10.2) Fire Magic
 - Level 4.0(0.0) Air Magic
 - Level 14.1(8.9) Earth Magic
 - Level 14.0(8.8) Poison Magic
 - Level 8.0(3.5) Evocations


You had 7 spell levels left.
You knew the following spells:

 Your Spells              Type           Power        Failure   Level
a - Fireball              Conj/Fire      ######....   1%          5
b - Lehudib's Crystal Sp  Conj/Erth      ######....   41%         8
c - Ignite Poison         Fire/Tmut/Pois #####...     1%          3
d - Poisonous Vapours     Pois/Air       #####.       1%          2
e - Olgreb's Toxic Radia  Pois           ######..     1%          4
f - Orb of Destruction    Conj           ######....   3%          7
g - Spellforged Servitor  Conj/Summ      ######....   14%         7

Your spell library contained the following spells:

 Spells                   Type           Power        Failure   Level
 Chain Lightning          Conj/Air       #####.....   91%         8
 Fire Storm               Conj/Fire      ######....   98%         9
 Tornado                  Air            #.........   100%        9
 Foxfire                  Conj/Fire      ####         1%          1
 Freeze                   Ice            #...         1%          1
 Magic Dart               Conj           ####         1%          1
 Shock                    Conj/Air       ####         1%          1
 Sting                    Tmut/Pois      ####         1%          1
 Summon Small Mammal      Summ           ####         1%          1
 Call Imp                 Summ           #####...     1%          2
 Passwall                 Tmut/Erth      #####...     1%          2
 Searing Ray              Conj           ######       1%          2
 Call Canine Familiar     Summ           #####...     1%          3
 Conjure Flame            Conj/Fire      ######..     1%          3
 Dazzling Flash           Conj/Hex       #####.       1%          3
 Inner Flame              Hex/Fire       #####...     1%          3
 Mephitic Cloud           Conj/Pois/Air  ######..     1%          3
 Spider Form              Tmut/Pois      #####.....   1%          3
 Static Discharge         Conj/Air       #####...     1%          3
 Fulminant Prism          Conj/Hex       #####.....   1%          4
 Hailstorm                Conj/Ice       #####...     1%          4
 Iskenderun's Mystic Bla  Conj/Tloc      #####...     1%          4
 Sticky Flame             Conj/Fire      ######..     1%          4
 Lightning Bolt           Conj/Air       #####.....   1%          5
 Starburst                Conj/Fire      ######....   1%          6
 Animate Skeleton         Necr           #.....       2%          1
 Apportation              Tloc           #.....       2%          1
 Beastly Appendage        Tmut           #.....       2%          1
 Corona                   Hex            #......      2%          1
 Frozen Ramparts          Ice            #.....       2%          3
 Summon Guardian Golem    Hex/Summ       ###.....     2%          3
 Blink                    Tloc           N/A          3%          2
 Corpse Rot               Necr/Air       N/A          3%          2
 Ensorcelled Hibernation  Hex/Ice        #.....       3%          2
 Slow                     Hex            #.......     3%          2
 Sublimation of Blood     Necr           #.........   3%          2
 Swiftness                Air            #.......     3%          2
 Wereblood                Tmut           #.......     3%          2
 Leda's Liquefaction      Hex/Erth       #####.....   4%          4
 Petrify                  Tmut/Erth      #####...     4%          4
 Airstrike                Air            #.........   7%          4
 Confusing Touch          Hex            #.......     8%          3
 Gell's Gravitas          Tloc           #.........   8%          3
 Lesser Beckoning         Tloc           #.........   8%          3
 Ozocubu's Armour         Ice            #.......     8%          3
 Portal Projectile        Hex/Tloc       #.....       8%          3
 Teleport Other           Tloc           #.......     8%          3
 Tukima's Dance           Hex            #.......     8%          3
 Vampiric Draining        Necr           #.........   8%          3
 Summon Demon             Summ           #####.....   8%          5
 Summon Ice Beast         Ice/Summ       ###.....     9%          4
 Summon Lightning Spire   Summ/Air       ####....     9%          4
 Borgnjor's Vile Clutch   Necr/Erth      #####.....   11%         5
 Yara's Violent Unravell  Hex/Tmut       #.........   17%         5
 Freezing Cloud           Conj/Ice/Air   ####......   17%         6
 Summon Forest            Summ/Tloc      ###.......   22%         5
 Summon Mana Viper        Hex/Summ       ###.....     22%         5
 Cause Fear               Hex            #.........   24%         4
 Dispel Undead            Necr           #.......     24%         4
 Ice Form                 Ice/Tmut       #.......     24%         4
 Passage of Golubria      Tloc           N/A          24%         4
 Shadow Creatures         Summ           N/A          38%         6
 Eringya's Noxious Bog    Tmut/Pois      #####.....   50%         6
 Agony                    Necr           #.......     52%         5
 Blade Hands              Tmut           #.........   52%         5
 Excruciating Wounds      Necr           #.........   52%         5
 Metabolic Englaciation   Hex/Ice        #.........   52%         5
 Silence                  Hex/Air        #.........   52%         5
 Ozocubu's Refrigeration  Ice            #.........   61%         6
 Summon Hydra             Summ           #####.....   89%         7
 Dispersal                Tloc           #.........   97%         6
 Simulacrum               Ice/Necr       #.........   97%         6
 Dragon Form              Tmut           #.........   100%        7
 Ignition                 Fire           ######....   47%         8
 Controlled Blink         Tloc           N/A          100%        8
 Discord                  Hex            #.........   100%        8
 Disjunction              Tloc           #.........   100%        8
 Shatter                  Erth           ######....   100%        9


Dungeon Overview and Level Annotations

Branches:
Dungeon (15/15)            Temple (1/1) D:7            Lair (6/6) D:9
  Swamp (4/4) Lair:2        Snake (4/4) Lair:2          Orc (2/2) D:12
    Elf (3/3) Orc:2        Vaults (5/5) D:13          Crypt (0/3) Vaults:3
 Depths (5/5) D:15            Zot (0/5) Depths:5      Sewer (visited)
  IceCv (visited)
  Slime: Lair:5-6

Altars:
Ashenzari
Cheibriados
Dithmenos
Elyvilon
Fedhas
Gozag
Hepliaklqana
Kikubaaqudgha
Makhleb
Nemelex Xobeh
Okawaru
Qazlal
Ru
Sif Muna
Trog
Uskayaw
Vehumet
Wu Jian
Xom
Yredelemnul
Zin
The Shining One
Beogh

Shops:
D:5 *   D:14 (   Orc:2 (**(   Elf:2 :   Snake:3 }=}   Vaults:4 *

Portals:
Hell: Depths:1 Depths:2 Depths:3 Depths:4 Depths:5
Abyss: Orc:1 Depths:2 Depths:4
Pandemonium: Depths:3 Depths:4
Ziggurat: Depths:3
Trove: D:10 (give 3 potions of resistance)

Annotations:
D:9 2 runed translucent doors, exclusion: oklob plant
D:14 1 exclusion, Louise
D:15 2 transporters, zyera's ghost, journeyman DsBe
Lair:3 exclusion: oklob plant
Lair:5 2 transporters, Jokoicem's ghost, journeyman VSWn
Orc:1 2 transporters, Figiudup's ghost, journeyman GrFi
Elf:1 6 runed translucent doors
Vaults:3 Mennas
Vaults:5 Boris


Innate Abilities, Weirdness & Mutations

You cannot wear most types of armour.
You are very stealthy in the water. (Stealth+)
You are amphibious.
You can wear up to eight rings at the same time.
You can use your tentacles to constrict eight enemies at once.
Your skin changes colour to match your surroundings (Stealth+).
Your rubbery body absorbs attacks. (AC +1, EV +1)
You have a beak for a mouth.
Your mind is acute. (Int +2)


Message History

The snapping turtle hisses angrily.
The wind drake changes into a queen bee!
You feel much better.
Your surroundings suddenly seem different.
A yaktaur comes into view.
A shadow dragon comes into view.
A yaktaur captain comes into view.
The yaktaur captain shoots a bolt.
You reflect the bolt off an invisible shield around you!
The bolt hits the yaktaur captain!
The yaktaur shouts!
The yaktaur captain shouts!
The yaktaur shouts!
The yaktaur wields a +0 arbalest.
The yaktaur shoots a bolt.
You reflect the bolt off an invisible shield around you!
The bolt hits the yaktaur.
The yaktaur captain wields a +0 arbalest.
The yaktaur captain shoots a bolt.
The bolt hits you!!
* * * LOW HITPOINT WARNING * * *
The shadow dragon breathes negative energy at you.
The bolt of negative energy hits you!!!
You feel drained.
You die...

.# #....#...#(#.. .#
#....#...(
#.##.c..#...#
#.........(
#######.c...[..#####
....c.....[[........
..........<<[[[.....
......c..<.[<[[.....
..../c..[[@<[[[.....
######D...[[..#####
#.....D?..p(.
#...#...$#....
.C..##!...#####..
.....###.$..# .
....... #....#
.#..... #....#
##.... #....#


You could see 2 shadow dragons, a stone giant, a vault warden, 2 yaktaur
captains and 3 yaktaurs.

Vanquished Creatures
  An ancient lich (Depths:3)
  Margery (Vaults:3)
  Frederick (Vaults:4)
  3 caustic shrikes
  A golden dragon (Depths:5)
  Jorgrun (D:14)
  3 tentacled monstrosities
  4 liches
  3 deep elf master archers (Elf:3)
  Gastronok (Lair:1)
  A quicksilver dragon (Depths:4)
  A titan (Depths:2)
  A shadow dragon (Vaults:5)
  3 tengu reavers
  A thorn hunter (Swamp:1)
  3 sphinxes (Depths:4)
  A storm dragon (Depths:5)
  6 nagarajas (Snake:4)
  A draconian monk (Depths:5)
  9 frost giants
  A draconian scorcher (Depths:5)
  7 deep elf sorcerers
  6 fire giants
  2 iron dragons (Depths:4)
  A draconian shifter (Depths:5)
  2 orc warlords (Orc:2)
  4 deep elf elementalists (Elf:3)
  3 vault wardens
  2 spriggan defenders (Depths:3)
  8 very ugly things
  7 ironheart preservers
  9 stone giants
  4 vampire knights
  A deep elf demonologist (Elf:1)
  A dire elephant (Lair:6)
  A black draconian (Depths:5)
  12 spark wasps
  4 deep elf annihilators
  A yellow draconian (Depths:5)
  2 purple draconians (Depths:5)
  Snorg (D:10)
  A white draconian (IceCv)
  6 deep elf death magi
  6 ettins
  A crystal guardian (Vaults:3)
  3 great orbs of eyes
  A fire dragon (Depths:4)
  8 yaktaur captains
  4 rakshasas
  16 naga warriors
  6 deep elf high priests
  32 vault guards
  2 catoblepae
  15 hydras
  13 ice dragons
  A merfolk avatar (Lair:6)
  11 centaur warriors
  4 spriggan air magi
  A shambling mangrove (Swamp:1)
  12 alligators
  24 dancing weapons
  2 death knights (Vaults:2)
  9 tengu warriors
  10 anacondas
  22 two-headed ogres
  6 ogre magi
  3 deep troll earth magi
  4 deep troll shamans
  4 orc high priests (Orc:2)
  2 death yaks (IceCv)
  11 naga sharpshooters
  3 spriggan berserkers
  6 shock serpents
  A vampire mage (Depths:3)
  21 deep elf knights
  Sonja (Orc:1)
  4 salamander mystics
  5 skeletal warriors
  A hell knight (Vaults:3)
  4 shadow wraiths
  2 iron trolls
  2 spriggan druids
  13 deep trolls
  2 unseen horrors (Depths:1)
  6 sea snakes (Snake:4)
  2 glowing orange brains (Depths:2)
  An unseen horror (shapeshifter) (Vaults:1)
  8 wizards
  An orange crystal statue (Depths:1)
  5 flayed ghosts
  2 phantasmal warriors (Depths:4)
  4 harpies
  A lindwurm (Lair:6)
  A swamp dragon (Swamp:1)
  6 naga ritualists
  11 deep elf archers
  8 orc knights
  2 wolf spiders
  9 ironbrand convokers
  12 mana vipers
  6 cyclopes
  An orb spider (shapeshifter) (Vaults:1)
  7 orc sorcerers
  37 deep elf magi
  A necromancer (Vaults:3)
  A faun (shapeshifter) (Vaults:3)
  32 ugly things
  10 salamanders
  Joseph (Lair:1)
  3 manticores
  3 elephants
  2 ice statues (Depths:3)
  31 black mambas
  A centaur zombie (D:13)
  15 naga magi
  4 orange demons (D:14)
  7 vault sentinels
  A guardian serpent (Snake:2)
  14 cane toads
  3 gargoyles
  A torpor snail (shapeshifter) (Depths:4)
  An efreet (D:15)
  A kobold demonologist (D:15)
  A yaktaur (shapeshifter) (Depths:5)
  2 ice devils (Depths:3)
  16 komodo dragons
  40 yaktaurs
  4 freezing wraiths
  A jumping spider (shapeshifter) (D:15)
  7 tengu conjurers
  19 polar bears
  A wolf spider simulacrum (D:15)
  14 hornets
  2 queen bees
  9 trolls
  6 meliai
  A nameless horror (Depths:5)
  A queen bee (shapeshifter) (Depths:4)
  A blink frog (shapeshifter) (Depths:5)
  10 tyrant leeches
  A fire giant simulacrum (Vaults:2)
  14 blink frogs
  24 slime creatures
  6 hippogriffs
  4 dream sheep (Lair:6)
  15 bog bodies
  An air elemental (Elf:3)
  A tarantella (Vaults:3)
  3 redbacks (Vaults:3)
  A shadow (D:12)
  14 water elementals
  31 yaks
  8 spriggans
  A vampire (D:14)
  A hog (shapeshifter) (Depths:2)
  4 wraiths
  8 wyverns
  3 fire bats (Depths:2)
  2 fire elementals
  A warg (Orc:2)
  A human simulacrum (Vaults:1)
  11 vampire mosquitoes
  2 basilisks
  8 swamp worms
  2 acid dragons
  4 insubstantial wisps
  49 nagas
  7 porcupines
  13 water moccasins
  5 swamp drakes
  36 orc warriors
  2 black bears
  4 ice beasts
  A black bear (shapeshifter) (D:14)
  7 sky beasts
  2 necrophages
  20 ogres
  2 phantoms
  7 centaurs
  6 boggarts
  32 wolves
  14 crocodiles
  A big kobold (D:7)
  16 bullfrogs
  2 earth elementals (Elf:3)
  2 wyvern skeletons
  5 scorpions
  A water moccasin skeleton (D:6)
  A scorpion (shapeshifter) (Vaults:3)
  37 killer bees
  21 wights
  4 electric eels
  5 howler monkeys
  2 jellies
  A quasit (D:14)
  A bullfrog skeleton (D:7)
  3 centaur skeletons
  36 orc priests
  13 hounds
  Jessica (D:7)
  Ijyb (D:3)
  4 iguanas
  Natasha (thrice) (D:4)
  27 orc wizards
  8 worker ants
  A hound zombie (D:7)
  A hound skeleton (D:4)
  2 worker ant zombies
  Robin (D:4)
  A gnoll (D:1)
  6 adders
  2 shadow imps
  15 white imps
  4 oozes
  2 adder skeletons (D:7)
  An adder zombie (D:7)
  2 worms (D:6)
  2 dart slugs (D:3)
  6 leopard geckos
  127 orcs
  13 bats
  7 giant cockroaches
  11 goblins
  7 hobgoblins
  9 jackals
  11 kobolds
  4 quokkas
  A ball python (D:2)
  5 frilled lizards
  A leopard gecko skeleton (D:9)
  15 rats
  A butterfly (Lair:2)
  4 fungi
  18 plants
1680 creatures vanquished.

Vanquished Creatures (collateral kills)
  A juggernaut (Depths:2)
  Boris (Vaults:4)
  A bone dragon (Depths:5)
  A lich (Depths:4)
  A tentacled monstrosity (Depths:4)
  3 deep elf blademasters (Elf:3)
  A storm dragon (Depths:4)
  2 tengu reavers
  2 fire giants
  An iron dragon (Depths:5)
  4 frost giants
  2 deep elf sorcerers (Elf:3)
  2 vault wardens (Vaults:1)
  Aizul (Elf:1)
  5 ironheart preservers
  2 very ugly things
  3 stone giants
  A vampire knight (Vaults:3)
  2 entropy weavers (Vaults:2)
  3 deep elf demonologists (Elf:3)
  2 green draconians (Depths:5)
  2 deep elf annihilators (Elf:3)
  2 ettins
  2 fire dragons
  3 spark wasps
  A blizzard demon (Depths:3)
  2 yaktaur captains
  2 deep elf high priests (Elf:3)
  An ogre mage (Vaults:1)
  A great orb of eyes (Depths:4)
  15 hydras
  2 ice dragons
  2 rakshasas
  A spriggan air mage (Depths:2)
  A shambling mangrove (Swamp:4)
  A two-headed ogre (Depths:1)
  5 alligators (Swamp:4)
  2 tengu warriors
  5 dancing weapons
  A deep troll shaman (Depths:5)
  3 spriggan berserkers
  2 deep troll earth magi
  A spriggan (Swamp:4)
  5 deep elf knights
  7 slime creatures
  3 hell knights (Vaults:3)
  An iron troll (Depths:5)
  4 skeletal warriors (Vaults:2)
  6 deep trolls
  A spriggan druid (Swamp:2)
  A glowing orange brain (Depths:1)
  3 flayed ghosts
  A phantasmal warrior (Vaults:3)
  2 deep elf archers (Elf:1)
  A wizard (Depths:2)
  8 swamp dragons (Swamp:4)
  11 deep elf magi
  A necromancer (Vaults:3)
  10 ugly things
  2 salamanders (Depths:2)
  A salamander (shapeshifter) (Depths:5)
  2 vault sentinels
  2 cane toads
  3 yaktaurs
  An ice devil (Depths:3)
  A freezing wraith (Vaults:2)
  A tengu conjurer (Depths:2)
  3 tyrant leeches
  A queen bee (shapeshifter) (Vaults:3)
  A hornet (shapeshifter) (Elf:1)
  3 hornets
  2 blink frogs (Swamp:4)
  2 bog bodies
  An air elemental (Elf:1)
  A fire elemental (Elf:2)
  4 water elementals
  9 vampire mosquitoes
  An insubstantial wisp (Swamp:2)
  2 swamp worms
  7 swamp drakes (Swamp:4)
  2 earth elementals (Elf:1)
  A killer bee (Depths:4)
  An orc (Vaults:3)
217 creatures vanquished.

Vanquished Creatures (others)
  A naga mage (Snake:3)
  3 polar bears (IceCv)
  5 dream sheep (D:3)
  4 wolves (IceCv)
  An orc wizard (Orc:2)
  7 fungi
  41 plants
62 creatures vanquished.

Grand Total: 1959 creatures vanquished

Notes
Turn   | Place    | Note
-------+----------+-------------------------------------------
     0 | D:1      | ReteAZ the Octopode Venom Mage began the quest for the Orb.
     0 | D:1      | Reached XP level 1. HP: 11/11 MP: 3/3
    79 | D:1      | Reached XP level 2. HP: 17/17 MP: 1/5
   655 | D:1      | Reached XP level 3. HP: 20/21 MP: 6/6
  1638 | D:2      | Gained mutation: Your mind is acute. (Int +2) [potion of
                  | mutation]
  1638 | D:2      | Gained mutation: You have a beak for a mouth. [potion of
                  | mutation]
  1638 | D:2      | Gained mutation: You are frail. (-10% HP) [potion of
                  | mutation]
  1638 | D:2      | Lost mutation: You are frail. (-10% HP) [potion of
                  | mutation]
  1645 | D:2      | Reached XP level 4. HP: 8/27 MP: 8/8
  1932 | D:2      | Found a stormy altar of Qazlal.
  2404 | D:3      | Reached skill level 5 in Poison Magic
  2404 | D:3      | Reached XP level 5. HP: 22/31 MP: 8/10
  2409 | D:3      | Learned a level 3 spell: Mephitic Cloud
  2712 | D:3      | Noticed Ijyb
  2714 | D:3      | Paralysed by Ijyb for 2 turns
  2724 | D:3      | Paralysed by Ijyb for 2 turns
  2735 | D:3      | Paralysed by Ijyb for 5 turns
  2744 | D:3      | Paralysed by Ijyb for 2 turns
  2751 | D:3      | Killed Ijyb
  2832 | D:3      | Reached skill level 1 in Air Magic
  2904 | D:3      | Reached skill level 1 in Conjurations
  3317 | D:3      | Noticed a dream sheep
  3317 | D:3      | Noticed a dream sheep
  3317 | D:3      | Noticed a dream sheep
  3317 | D:3      | Noticed a dream sheep
  3317 | D:3      | Noticed a dream sheep
  3317 | D:3      | Found a shimmering altar of Xom.
  3322 | D:3      | Killed a dream sheep
  3322 | D:3      | Killed a dream sheep
  3324 | D:3      | Killed a dream sheep
  3324 | D:3      | Killed a dream sheep
  3324 | D:3      | Killed a dream sheep
  3825 | D:4      | Reached XP level 6. HP: 30/36 MP: 11/11
  3830 | D:4      | Learned a level 3 spell: Ignite Poison
  3928 | D:4      | Reached skill level 1 in Fire Magic
  4167 | D:4      | Noticed Natasha
  4181 | D:4      | Killed Natasha
  4267 | D:4      | Noticed Natasha
  4279 | D:4      | Killed Natasha
  4385 | D:4      | Noticed Natasha
  4493 | D:4      | Noticed Robin
  4499 | D:4      | Killed Natasha
  4767 | D:3      | Reached XP level 7. HP: 41/41 MP: 13/13
  5096 | D:4      | Killed Robin
  5142 | D:4      | Found an iron altar of Okawaru.
  5357 | D:5      | Entered Level 5 of the Dungeon
  5567 | D:5      | Found a bloodstained altar of Trog.
  5571 | D:5      | Learned a level 2 spell: Poisonous Vapours
  5577 | D:5      | Learned a level 4 spell: Olgreb's Toxic Radiance
  7012 | D:5      | Reached XP level 8. HP: 30/46 MP: 14/14
  7961 | D:5      | Found Tymoax's Lightly-Used Armoury.
  8496 | D:6      | Found a glowing drain.
  8509 | Sewer    | Entered a sewer
  9006 | D:6      | Reached skill level 1 in Shields
  9103 | D:6      | Found a blossoming altar of Fedhas.
  9747 | D:7      | Reached skill level 2 in Shields
  9926 | D:7      | Reached XP level 9. HP: 51/51 MP: 15/15
 10012 | D:7      | Reached skill level 3 in Shields
 10214 | D:7      | Found a staircase to the Ecumenical Temple.
 10223 | Temple   | Entered the Ecumenical Temple
 10295 | Temple   | Became a worshipper of Vehumet
 10334 | D:7      | Reached skill level 10 in Poison Magic
 10626 | D:7      | Reached skill level 4 in Shields
 10785 | D:7      | Found an opulent altar of Gozag.
 10872 | D:7      | Noticed Jessica
 10877 | D:7      | Killed Jessica
 10943 | D:7      | Found a shimmering blue altar of Sif Muna.
 11041 | D:8      | Reached skill level 5 in Shields
 11081 | D:8      | Reached * piety under Vehumet
 11081 | D:8      | Offered knowledge of Shock by Vehumet.
 11302 | D:8      | Reached skill level 6 in Shields
 11448 | D:8      | Reached skill level 7 in Shields
 12344 | D:9      | Noticed a troll
 12354 | D:9      | Killed a troll
 12354 | D:9      | Reached skill level 8 in Shields
 12354 | D:9      | Reached XP level 10. HP: 56/56 MP: 12/16
 12425 | D:9      | Found a glowing golden altar of the Shining One.
 12750 | D:9      | Found a runed translucent gate.
 12751 | D:9      | Found a runed translucent gate.
 12751 | D:9      | Found an opulent altar of Gozag.
 12751 | D:9      | Noticed an oklob plant
 12767 | D:9      | Found a staircase to the Lair.
 12970 | D:9      | Reached skill level 9 in Shields
 13066 | D:9      | Reached ** piety under Vehumet
 13066 | D:9      | Offered knowledge of Searing Ray by Vehumet.
 13436 | D:10     | Entered Level 10 of the Dungeon
 13991 | D:10     | Noticed a centaur warrior
 13991 | D:10     | Noticed a cyclops
 13992 | D:10     | Noticed a gargoyle
 13992 | D:10     | Noticed a four-headed hydra
 14001 | D:10     | Noticed a manticore
 14001 | D:10     | Noticed a centaur warrior
 14060 | D:10     | Got a smoking golden ring
 14061 | D:10     | Identified the ring "Boruyzun" {rC++ rCorr} (You found it
                  | on level 10 of the Dungeon)
 14132 | D:10     | Found a portal to a secret trove of treasure.
 14201 | D:10     | Noticed Snorg
 14206 | D:10     | Killed Snorg
 14206 | D:10     | Reached skill level 10 in Shields
 14957 | D:11     | Noticed a gargoyle
 14982 | D:11     | Killed a gargoyle
 14982 | D:11     | Reached skill level 11 in Shields
 15067 | D:11     | Offered knowledge of Frozen Ramparts by Vehumet.
 15070 | D:11     | Reached XP level 11. HP: 61/61 MP: 17/17
 15226 | D:11     | Noticed a green ugly thing
 15234 | D:11     | Killed a green ugly thing
 15234 | D:11     | Reached *** piety under Vehumet
 16005 | D:11     | Noticed a six-headed hydra
 16098 | D:11     | Noticed a manticore
 16107 | D:11     | HP: 1/61 [six-headed hydra (18)]
 16547 | D:11     | Killed a six-headed hydra
 16547 | D:11     | Reached skill level 12 in Shields
 16548 | D:11     | Killed a manticore
 16851 | Lair:1   | Entered Level 1 of the Lair of Beasts
 16877 | Lair:1   | Noticed Joseph
 16973 | Lair:1   | Killed Joseph
 17125 | Lair:1   | Identified a scroll of acquirement
 17197 | Lair:1   | Reached skill level 5 in Fire Magic
 17667 | Lair:1   | Reached skill level 1 in Fighting
 17667 | Lair:1   | Offered knowledge of Iskenderun's Mystic Blast by Vehumet.
 17777 | Lair:1   | Noticed Gastronok
 17790 | Lair:1   | Killed Gastronok
 17790 | Lair:1   | Reached skill level 5 in Conjurations
 17790 | Lair:1   | Reached XP level 12. HP: 72/72 MP: 8/18
 17936 | Lair:1   | Reached skill level 5 in Dodging
 18719 | Lair:2   | Reached **** piety under Vehumet
 18922 | Lair:2   | Noticed a catoblepas
 18923 | Lair:2   | Offered knowledge of Lee's Rapid Deconstruction by Vehumet.
 19222 | Lair:2   | Found a staircase to the Snake Pit.
 19295 | Lair:2   | Found a staircase to the Swamp.
 19317 | Lair:2   | Killed a catoblepas
 19894 | Lair:3   | Found a frozen archway.
 20012 | IceCv    | Entered an ice cave
 20514 | IceCv    | Noticed a death yak
 20514 | IceCv    | Noticed a death yak
 20522 | IceCv    | Killed a death yak
 20524 | IceCv    | Killed a death yak
 20588 | IceCv    | Reached XP level 13. HP: 61/79 MP: 19/19
 20607 | IceCv    | Reached skill level 13 in Shields
 20618 | IceCv    | Reached ***** piety under Vehumet
 20679 | IceCv    | Offered knowledge of Irradiate by Vehumet.
 20823 | IceCv    | Noticed a white draconian
 20834 | IceCv    | Killed a white draconian
 21685 | Lair:2   | Upgraded the game from 0.26-a0-451-gacbe401039 to
                  | 0.26-a0-466-g989023bd0d
 23352 | Lair:5   | Reached skill level 14 in Shields
 24237 | Lair:5   | Found a transporter.
 24239 | Lair:5   | Found a transporter.
 24261 | Lair:5   | Identified the +1 quick blade of Slow Death {drain, rC+
                  | Dex+2 SInv}
 24262 | Lair:5   | Found a bloodstained altar of Trog.
 24263 | Lair:5   | Identified the +10 trident "Baschur" {antimagic, *Corrode
                  | rF++ Int+5}
 24263 | Lair:5   | Noticed Jokoicem's ghost (journeyman VSWn)
 24585 | Lair:6   | Entered Level 6 of the Lair of Beasts
 24690 | Lair:6   | Noticed a dire elephant
 24746 | Lair:6   | Reached skill level 15 in Shields
 24747 | Lair:6   | Reached XP level 14. HP: 77/85 MP: 20/20
 25226 | Lair:5   | Reached skill level 5 in Spellcasting
 25901 | Lair:6   | Killed a dire elephant
 27144 | Lair:6   | Identified Jasegh's Tome of Stolen Souls and Poisoning
 27160 | Lair:6   | Acquired 1030 gold pieces
 27313 | D:12     | Paralysed by a hornet for 2 turns
 27322 | D:12     | Learned a level 5 spell: Fireball
 27482 | D:12     | Reached ****** piety under Vehumet
 27502 | D:12     | Offered knowledge of Bolt of Magma by Vehumet.
 28641 | D:12     | Found a staircase to the Orcish Mines.
 30146 | D:13     | Found a gate to the Vaults.
 30308 | D:13     | Reached XP level 15. HP: 89/89 MP: 28/28
 30765 | D:14     | Found Cyastrusk's Weapon Boutique.
 30867 | Orc:1    | Entered Level 1 of the Orcish Mines
 30912 | Orc:1    | Noticed Sonja
 30917 | Orc:1    | Killed Sonja
 30950 | Orc:1    | Found a transporter.
 31042 | Orc:1    | Noticed a tentacled monstrosity
 31075 | Orc:1    | Found a one-way gate to the infinite horrors of the Abyss.
 31075 | Orc:1    | Noticed Figiudup's ghost (journeyman GrFi)
 31463 | Orc:1    | Found a roughly hewn altar of Beogh.
 31500 | Orc:1    | Found a transporter.
 31511 | Orc:1    | Identified the cursed +1 scimitar "Cosau" {distort, rElec
                  | Int+3 Dex+2}
 31578 | Orc:2    | Entered Level 2 of the Orcish Mines
 32177 | Orc:2    | Noticed an orc warlord
 32178 | Orc:2    | Found a roughly hewn altar of Beogh.
 32191 | Orc:2    | Killed an orc warlord
 32261 | Orc:2    | Offered knowledge of Lightning Bolt by Vehumet.
 32406 | Orc:2    | Found Qycvobb's Assorted Antiques.
 32414 | Orc:2    | Bought a diamond ring for 130 gold pieces
 32445 | Orc:2    | Found Diemuu's Weapon Shop.
 32496 | Orc:2    | Noticed an orc warlord
 32505 | Orc:2    | Killed an orc warlord
 32720 | Orc:2    | Found a roughly hewn altar of Beogh.
 33034 | Orc:2    | Found Jonac's Assorted Antiques.
 33038 | Orc:2    | Bought a large ivory ring for 100 gold pieces
 33046 | Orc:2    | Found Luhenaed's Antique Weapon Shoppe.
 33457 | Orc:2    | Found a staircase to the Elven Halls.
 33552 | Orc:2    | Offered knowledge of Orb of Destruction by Vehumet.
 33561 | Orc:2    | Learned a level 7 spell: Orb of Destruction
 34511 | D:14     | Reached skill level 10 in Fire Magic
 34518 | D:14     | Reached skill level 10 in Conjurations
 34646 | D:14     | Noticed Jorgrun
 34654 | D:14     | Killed Jorgrun
 34750 | D:14     | Noticed Louise
 35368 | D:14     | Reached XP level 16. HP: 67/94 MP: 10/29
 35650 | D:15     | Entered Level 15 of the Dungeon
 36035 | D:15     | Found a transporter.
 36035 | D:15     | Noticed zyera's ghost (journeyman DsBe)
 36353 | D:15     | Found a transporter.
 36414 | D:15     | Reached skill level 5 in Fighting
 37354 | D:15     | Found a staircase to the Depths.
 37596 | Snake:1  | Entered Level 1 of the Snake Pit
 37604 | Snake:1  | Reached skill level 10 in Dodging
 38996 | Snake:1  | Reached skill level 10 in Spellcasting
 39270 | Snake:1  | Offered knowledge of Conjure Ball Lightning by Vehumet.
 40625 | Snake:2  | Reached skill level 1 in Evocations
 41261 | Snake:2  | Found a stormy altar of Qazlal.
 42335 | Snake:3  | Reached XP level 17. HP: 82/104 MP: 19/31
 42668 | Snake:3  | Reached skill level 5 in Evocations
 43626 | Snake:3  | Found Ethuol's Gadget Shop.
 43626 | Snake:3  | Found Xiuwyenk's Jewellery Shoppe.
 43627 | Snake:3  | Found Namufoc's Gadget Shop.
 43637 | Snake:3  | Bought a wand of clouds (4) for 360 gold pieces
 43637 | Snake:3  | Bought a wand of iceblast (10) for 210 gold pieces
 43862 | Snake:4  | Entered Level 4 of the Snake Pit
 44873 | Snake:4  | Offered knowledge of Spellforged Servitor by Vehumet.
 44897 | Snake:4  | Learned a level 7 spell: Spellforged Servitor
 44980 | Snake:4  | Reached skill level 1 in Summonings
 46307 | Snake:4  | Reached skill level 5 in Summonings
 48372 | Snake:4  | Offered knowledge of Lehudib's Crystal Spear by Vehumet.
 48385 | Snake:4  | Learned a level 8 spell: Lehudib's Crystal Spear
 48439 | Snake:4  | Reached skill level 1 in Earth Magic
 48582 | Snake:4  | Reached XP level 18. HP: 109/109 MP: 31/32
 48804 | Snake:4  | Got a serpentine rune of Zot
 48943 | Swamp:1  | Entered Level 1 of the Swamp
 50889 | Swamp:2  | Reached skill level 10 in Summonings
 51089 | Swamp:2  | Reached skill level 5 in Earth Magic
 53556 | Swamp:4  | Entered Level 4 of the Swamp
 53563 | Swamp:4  | Offered knowledge of Fire Storm by Vehumet.
 53563 | Swamp:4  | Offered knowledge of Chain Lightning by Vehumet.
 53563 | Swamp:4  | Offered knowledge of Tornado by Vehumet.
 55236 | Swamp:4  | Reached skill level 10 in Earth Magic
 55564 | Swamp:4  | Got a decaying rune of Zot
 55982 | Elf:1    | Entered Level 1 of the Elven Halls
 56667 | Elf:1    | Noticed Aizul
 56674 | Elf:1    | Killed Aizul
 56854 | Elf:1    | Reached XP level 19. HP: 72/115 MP: 33/33
 57333 | Elf:1    | Found a runed translucent gate.
 57333 | Elf:1    | Found a runed translucent gate.
 57333 | Elf:1    | Found a runed translucent gate.
 57333 | Elf:1    | Found a runed translucent gate.
 57333 | Elf:1    | Found a runed translucent gate.
 57334 | Elf:1    | Found a runed translucent gate.
 58288 | Elf:2    | Found Picsud's Book Shoppe.
 59279 | Elf:2    | Found a runed translucent gate.
 59279 | Elf:2    | Found a runed translucent gate.
 59280 | Elf:2    | Found a runed translucent gate.
 60926 | Elf:3    | Entered Level 3 of the Elven Halls
 62779 | D:12     | Identified the +7 mace of the Pariah {distort, rPois rC-
                  | Str+3 Stlth+} (You found it on level 12 of the Dungeon)
 62897 | D:9      | Identified the cursed +0 whip "Zixovv Yheb" {vorpal, rElec
                  | Dex+2} (You found it on level 9 of the Dungeon)
 63049 | D:14     | Bought the +9 hunting sling of the Mind {speed, rC+ MP+9
                  | Str+4 Dex-3 SInv} for 887 gold pieces
 63157 | Orc:2    | Bought a curved jewelled staff for 240 gold pieces
 63239 | Vaults:1 | Entered Level 1 of the Vaults
 64750 | Vaults:1 | Reached XP level 20. HP: 113/120 MP: 29/34
 65084 | Vaults:1 | Identified the +9 morningstar of Mourning {vorpal, Int+4}
                  | (You found it on level 1 of the Vaults)
 65806 | Vaults:2 | Reached skill level 15 in Conjurations
 66114 | Vaults:2 | HP: 6/120 [ogre mage/bolt of poison (30)]
 69976 | Vaults:3 | Noticed Margery
 69980 | Vaults:3 | Killed Margery
 71791 | Vaults:3 | Found a staircase to the Crypt.
 72012 | Vaults:3 | Noticed Mennas
 72650 | Vaults:3 | Reached XP level 21. HP: 126/126 MP: 35/35
 73379 | Elf:3    | Cast into level 3 of the Abyss (a deep elf sorcerer)
 73382 | Abyss:3  | Found a corrupted altar of Lugonu.
 73394 | Elf:3    | Escaped the Abyss
 73759 | Elf:3    | Identified the +5 rapier of Cubb {venom, *Noise +Blink
                  | rPois Str+7}
 74739 | Elf:3    | Identified the +4 robe "Tisirph" {rF+ rN+ rCorr Stlth+}
 74739 | Elf:3    | Identified the ring "Vyovude" {Ice *Corrode rN++ MR- Dex+8}
 74932 | Elf:3    | Identified Diteiseybb's Incunabulum of the Escort
 74935 | Elf:3    | Identified the Collected Works on Transmigration
 75450 | Depths:1 | Entered Level 1 of the Depths
 75465 | Depths:1 | Reached skill level 10 in Fighting
 76890 | Depths:1 | Found a gateway to Hell.
 77834 | Depths:2 | Reached XP level 22. HP: 152/152 MP: 35/36
 77836 | Depths:2 | Noticed a caustic shrike
 77842 | Depths:2 | Killed a caustic shrike
 78474 | Depths:2 | Noticed a juggernaut
 78496 | Depths:2 | Killed a juggernaut
 79787 | Depths:2 | Reached skill level 16 in Shields
 80843 | Depths:3 | Found a shattered altar of Ashenzari.
 80846 | Depths:3 | Found a one-way gate leading to the halls of Pandemonium.
 81706 | Depths:3 | Found a gateway to a ziggurat.
 82429 | Depths:3 | Noticed an ancient lich
 82443 | Depths:3 | Killed an ancient lich
 82455 | Depths:3 | Got a sparkling iron amulet
 82456 | Depths:3 | Identified the amulet "Pargh" {Regen+ Str+2} (You found it
                  | on level 3 of the Depths)
 83421 | Depths:1 | Identified the +9 spear of Doom {vorpal, +Inv Str-3 Dex+2}
 84184 | Depths:4 | Reached skill level 17 in Shields
 84184 | Depths:4 | Reached XP level 23. HP: 122/157 MP: 32/37
 84911 | Depths:4 | Noticed a caustic shrike
 85068 | Depths:4 | Killed a caustic shrike
 85097 | Depths:4 | Noticed a caustic shrike
 85378 | Depths:4 | Killed a caustic shrike
 86984 | Depths:4 | Got a glittering silver ring
 87279 | Depths:4 | Identified the ring of Tath {Fire Dex+3}
 87450 | Depths:4 | Reached skill level 18 in Shields
 87741 | Depths:4 | Identified the ring of Allepriu {*Tele *Slow MR+++ Dex+3}
                  | (You found it on level 4 of the Depths)
 88044 | Depths:5 | Entered Level 5 of the Depths
 88653 | Depths:5 | Noticed a golden dragon
 88935 | Depths:5 | Found a gate to the Realm of Zot.
 89270 | Depths:5 | Killed a golden dragon
 89270 | Depths:5 | Reached skill level 15 in Dodging
 89766 | Depths:5 | Found a burning altar of Makhleb.
 90377 | Depths:5 | Reached XP level 24. HP: 118/163 MP: 20/37
 91704 | Vaults:4 | Noticed Boris
 91710 | Vaults:4 | Killed Boris
 91893 | Vaults:4 | Noticed Frederick
 91900 | Vaults:4 | Killed Frederick
 92519 | Vaults:4 | Reached skill level 19 in Shields
 92629 | Vaults:4 | Found Meti's Assorted Antiques.
 92639 | Vaults:4 | Bought an opal ring for 190 gold pieces
 93074 | Vaults:5 | Entered Level 5 of the Vaults
 93078 | Vaults:5 | Reached skill level 15 in Fire Magic
 93098 | Vaults:4 | HP: 4/163 [tentacled monstrosity (6)]
 93728 | Vaults:5 | Noticed Boris
 93740 | Vaults:5 | HP: 3/163 [shadow dragon/bolt of negative energy (48)]
 93744 | Vaults:5 | Killed from afar by a shadow dragon

Illustrated notes

Levels and vault maps discovered:
D:1:      minmay_arrival_hallway, layout_loops_ring, st_stairs_3
D:2:      layout_rooms, old_standard_altar, st_stairs_8
D:3:      layout_basic, kb_xom_exploding_sheep, due_unseen_surprise, uniq_ijyb
D:4:      layout_basic, marbit_many_paths, uniq_natasha, uniq_robin
D:5:      layout_basic, bloody_trog, minmay_shop_damaged
D:6:      layout_loops_corners, basic_altar, portal_sewer_entry_a
D:7:      layout_rooms, nicolae_gozag_cash_rules_everything_around_me, tgw_sif,
          minmay_temple_entry_junction, minmay_checkerbox
D:8:      layout_basic
D:9:      layout_long_grid, dpeg_oklobed_lair, ebering_ghost_gozag, basic_altar,
          lemuel_oklob_altar
D:10:     layout_stronghold, nicolae_trove_entry_crystal, minivault_12,
          uniq_snorg
D:11:     layout_loops_ring, nicolae_looking_at_the_future
D:12:     layout_basic, david_orc_3
D:13:     layout_stronghold, erik_vaults_2
D:14:     layout_roguey, serial_shops, shop, einodemon_barbed_minivault,
          uniq_jorgrun, uniq_louise
D:15:     grunt_enter_depths_hoard, layout_cave_pods, gammafunk_ghost_mausoleum,
          minmay_misc_feat_nine_boxes, minmay_microvault
Temple:   nicolae_temple_x_marks_the_god
Lair:1:   layout_gridlike, minivault_11, uniq_joseph, uniq_gastronok
Lair:2:   layout_misc_corridors, skrybe_swamp_entry_bodies,
          guppyfry_snake_entry_island, lemuel_fruit_fields
Lair:3:   layout_gridlike, portal_ice_cave_entry_imps, minivault_26,
          lemuel_fruit_tree, grunt_megastairs_3
Lair:4:   dpeg_oklob_shooting_range, layout_cave_shapes, wad_woods_03
Lair:5:   layout_regular_city, gammafunk_ghost_wrathful_warriors,
          grunt_forest_large_clearings
Lair:6:   gammafunk_lair_ancient_temple, layout_regular_city, slime_altar_1,
          chequers_serial_rivers_micro_d, serial_bayou_pond_d,
          chequers_serial_rivers_marsh, st_stairs_11
Swamp:1:  layout_basic_swamp, evilmike_swamp_ruin_rubble_2, swamp_pool3
Swamp:2:  layout_falls_marsh, evilmike_swamp_ruin_wall
Swamp:3:  layout_falls_marsh, hangedman_swamp_cone
Swamp:4:  swamp_basic_johnstein, layout_basic_swamp, swamp_pool3,
          nicolae_swamp_trees_clearing
Snake:1:  layout_basic, nicolae_snake_biting_tails
Snake:2:  layout_misc_corridors, basic_altar, st_stairs_1
Snake:3:  layout_rooms, serial_corexii_hall, corexii_hall_statues_l,
          chequers_hall_statues_wall_a, minmay_shop_grove
Snake:4:  minmay_snake_end_coiled, layout_basic
Orc:1:    layout_diamond_mine, basic_altar, gammafunk_ghost_abyssal_escape,
          guppyfry_library_mini, uniq_sonja
Orc:2:    pubby_orc_utopia
Elf:1:    layout_geoelf_octagon, orc_legates, uniq_aizul
Elf:2:    layout_loops_corners, serial_shops, shop
Elf:3:    minmay_elf_hall_furrowed, layout_geoelf_castle
Vaults:1: grunt_vaults_hallway_short, nicolae_vaults_network_periphery,
          vaults_room_ringed_pool, nicolae_vaults_hallways_thing,
          nicolae_vaults_three_branches, nicolae_vaults_angled_halls,
          dpeg_vaults_waves, vaults_room_fancy_cross, hangedman_vaults_corner,
          vaults_room_grunt_arrival_ludios,
          nicolae_vaults_windows_and_doors_thing, layout_vaults_omnicross
Vaults:2: hangedman_vaults_locks, v_misc_29, dpeg_vaults_monster_row,
          nicolae_vaults_murderbox, v_misc_17, ontoclasm_vaults_eye,
          nicolae_vaults_circle_grid_b, layout_vaults_omnigrid
Vaults:3: grunt_tower_of_power, vaults_standard_mumra_x,
          nicolae_vaults_little_squares_6, minmay_crypt_entry_simple_plaza,
          grunt_vaults_funnel, nicolae_vaults_asterisk, vaults_dpeg_ring,
          layout_vaults_big_room, uniq_margery, uniq_mennas
Vaults:4: v_rooms_3, nicolae_vaults_little_squares_2,
          nicolae_vaults_little_squares_4, hangedman_vaults_stitches, v_misc_16,
          v_misc_32, nicolae_vaults_little_squares_6, nicolae_vaults_rhombus_5,
          vaults_dpeg_hooks, ontoclasm_vaults_loading_screen,
          layout_vaults_omnibox, serial_shops, shop, uniq_boris, uniq_frederick
Vaults:5: serial_shops
Depths:1: layout_long_grid, hangedman_coc_ice_floe, abandoned_shop,
          horrible_house_mu, serial_bayou_shore_b,
          roderic_lattice_octagonal_star, serial_bayou_shore_a
Depths:2: minmay_swirls_squares, layout_basic, hell_entry, abyss_entry
Depths:3: cheibrodos_cascadia, layout_honeycomb, enter_ziggurat_c,
          nicolae_ashenzari_panopticon, hell_entry, serial_glass,
          glass_columns_b, glass_columns_a, pan_entry,
          minmay_staircase_windowed_small
Depths:4: box_level_dp, pan_entry, hell_entry, abyss_entry
Depths:5: grunt_zot_entry_pinwheel, layout_gridlike, hell_entry,
          lemuel_round_altar

Skill      XL: |  1  2  3  4  5  6  7  8  9 10 11 12 13 14 15 16 17 18 19 20 21 22 23 24 |
---------------+-------------------------------------------------------------------------+-----
Poison Magic   | 4 5 7 9 10 12 13 14 | 14.0
Transmutations | 2 3 |  3.0
Spellcasting   | 3 4 9 10 | 10.0
Air Magic      | 1 2 4 |  4.0
Conjurations   | 1 2 5 7 10 12 13 14 17 18 | 18.0
Fire Magic     | 3 4 5 7 10 11 12 15 | 15.5
Shields        | 2 8 11 12 15 17 18 19 | 19.5
Fighting       | 3 4 6 13 | 13.0
Dodging        | 4 7 9 10 13 15 | 15.0
Evocations     | 4 8 |  8.0
Summonings     | 9 10 | 10.0
Earth Magic    | 1 11 14 | 14.1
Stealth        | |  2.6

Action                   |  1- 3 |  4- 6 |  7- 9 | 10-12 | 13-15 | 16-18 | 19-21 | 22-24 || total
-------------------------+-------+-------+-------+-------+-------+-------+-------+-------++-------
Melee: Unarmed           |   100 |   100 |    62 |       |       |       |    11 |       ||   273
       Constrict         |    31 |    27 |    36 |    33 |    81 |    51 |    27 |    12 ||   298
       Tentacles         |    17 |    15 |    28 |    52 |   145 |    98 |    39 |    13 ||   407
       Peck              |     1 |    15 |    34 |    48 |   152 |    79 |    41 |    15 ||   385
       Staff             |       |       |    75 |   211 |   530 |   441 |    68 |       ||  1325
       Hunting sling     |       |       |       |       |       |       |    68 |    61 ||   129
Throw: Dart              |       |     1 |     1 |       |    12 |    13 |     8 |    14 ||    49
 Cast: Sting             |     3 |    71 |    32 |     1 |       |       |       |       ||   107
       Mephitic Cloud    |       |     2 |    23 |    54 |    66 |    38 |       |       ||   183
       Poisonous Vapours |       |       |    48 |    75 |   286 |    76 |   122 |    54 ||   661
       Olgreb's Toxic Ra |       |       |    48 |    66 |   182 |    50 |    72 |    87 ||   505
       Ignite Poison     |       |       |    21 |    49 |    90 |    53 |    35 |    24 ||   272
       Fireball          |       |       |       |       |    40 |   381 |   109 |    43 ||   573
       Orb of Destructio |       |       |       |       |       |   124 |   226 |    44 ||   394
       Spellforged Servi |       |       |       |       |       |    28 |    68 |    42 ||   138
       Lehudib's Crystal |       |       |       |       |       |       |    57 |   235 ||   292
Evoke: Wand              |       |       |     6 |     1 |     1 |     7 |     2 |     2 ||    19
  Use: Potion            |     3 |     3 |       |     1 |       |       |     6 |     5 ||    18
       Scroll            |       |       |       |    18 |    14 |     8 |    11 |    13 ||    64
 Stab: Sleeping          |    15 |     7 |     1 |     1 |     3 |     1 |     1 |       ||    29
       Distracted        |       |       |     1 |       |     1 |     3 |     3 |     1 ||     9
       Confused          |       |       |       |     1 |     1 |     1 |       |       ||     3
Armor: Skin              |    11 |    15 |    21 |    19 |    34 |    32 |    10 |    13 ||   155
Dodge: Dodged            |    80 |    88 |   106 |    96 |   350 |   501 |   183 |   220 ||  1624
Block: Other             |       |       |    22 |       |       |       |       |       ||    22
       Kite shield       |       |       |     5 |   266 |   598 |   696 |   312 |   321 ||  2198
       Reflection        |       |       |       |    15 |    11 |    86 |    91 |    56 ||   259

Table legend: (Time is in decaauts)
 A = Elapsed time spent in this place.
 B = Non-inter-level travel time spent in this place.
 C = Inter-level travel time spent in this place.
 D = Time resting spent in this place.
 E = Time spent auto-exploring this place.
 F = Levels seen in this place.
 G = Mean time per level.
                   A        B        C        D        E       F      G
               +--------+--------+--------+--------+--------+-----+--------+
         Total |  94202 |  88093 |   6109 |  38380 |  33595 |  48 | 1962.5 |
       Dungeon |  24973 |  22778 |   2195 |   7354 |  11605 |  15 | 1664.9 |
        Temple |     76 |     73 |      3 |      0 |      0 |   1 |   76.0 |
          Lair |   9538 |   8880 |    658 |   3652 |   3431 |   6 | 1589.7 |
         Swamp |   6909 |   6733 |    176 |   3348 |   2136 |   4 | 1727.2 |
     Snake Pit |  11402 |  10784 |    618 |   6519 |   2412 |   4 | 2850.5 |
  Orcish Mines |   3649 |   3158 |    491 |    375 |   2135 |   2 | 1824.5 |
   Elven Halls |   8856 |   8369 |    487 |   3680 |   2662 |   3 | 2952.0 |
        Vaults |  12273 |  11371 |    902 |   5286 |   4088 |   5 | 2454.6 |
        Depths |  15313 |  14738 |    575 |   7574 |   4973 |   5 | 3062.6 |
         Abyss |     14 |     14 |      0 |      0 |      0 |   1 |   14.0 |
         Sewer |    263 |    263 |      0 |    108 |     81 |   1 |  263.0 |
      Ice Cave |    931 |    931 |      0 |    483 |     72 |   1 |  931.0 |
               +--------+--------+--------+--------+--------+-----+--------+

Top non-repeatable levels by time:
Vaults:2: 5682 daAuts
Depths:4: 5082 daAuts
 Snake:4: 3613 daAuts
   Elf:3: 3404 daAuts
   Elf:2: 3039 daAuts
 Snake:1: 2920 daAuts
     D:5: 2873 daAuts
   Orc:2: 2858 daAuts
Depths:5: 2657 daAuts
Vaults:1: 2647 daAuts
Depths:2: 2575 daAuts
Depths:3: 2572 daAuts
 Snake:3: 2537 daAuts
Depths:1: 2424 daAuts
   Elf:1: 2412 daAuts
